AoeStats
← yaximi

Nomad

507721951Analyzed
4v4 RM · 12d ago on Sep 19, 2026· 38m 57s· 8 players
Game mode
Random Map
Map size
231×231
Population
200
Speed
Normal
Resources
Standard
Victory
Conquest
Starting age
Dark Age
Ending age
Imperial Age
RankedLock teamsTeams togetherTeam positionsShared explorationLock speedFull tech treeHidden civsTurbo modeCheats
Victory
Defeat
🇭🇰 Jurchens · Hong Kong SAR China
1691
+12
🇦🇷 Maya · Argentina
1668
+12
🇦🇷 Berbers · Argentina
1648
+13
🇵🇹 Khitans · Portugal
1600
+15
🇭🇰 Byzantines · Hong Kong SAR China
1676
-16
🇨🇳 Poles · China
1620
-14
🇨🇳 Japanese · China
1573
-13
🇨🇳 Vikings · China
1479
-9
[SotC] Klovn
4:05 Loom
13:06 Feudal Age
17:11 Castle Age
16:13 Gold Mining
16:31 Double-Bit Axe
18:15 Bow Saw
18:57 Fletching
19:07 Padded Archer Armor
18:59 Horse Collar
19:59 Wheelbarrow
20:15 Bodkin Arrow
24:04 Ballistics
26:56 Leather Archer Armor
28:08 Heavy Plow
33:54 Hand Cart
38:41 Imperial Age
35:58 Town Watch
36:53 Thumb Ring
38:11 Scale Mail Armor
38:21 Forging
G5
10:47 Loom
13:38 Feudal Age
14:25 Double-Bit Axe
17:21 Castle Age
15:30 Town Watch
15:27 Fishing Lines
18:16 Bow Saw
18:21 Medium Warships
20:20 Fletching
21:52 Wheelbarrow
21:08 Horse Collar
23:20 Scale Barding Armor
32:37 Imperial Age
30:21 Stone Mining
31:51 Bodkin Arrow
32:17 Ballistics
33:21 Bracer
35:20 Stone Shaft Mining
35:11 Conscription
34:46 Gold Mining
36:20 Chemistry
37:14 Padded Archer Armor
37:26 Bloodlines
37:16 Husbandry
38:17 Light Cavalry
38:30 Heavy Camel Rider
39:10 Treadmill Crane
Random Civ Pocket
5:31 Loom
12:48 Feudal Age
16:54 Castle Age
15:11 Double-Bit Axe
17:19 Scale Barding Armor
17:52 Bow Saw
19:05 Bloodlines
27:36 Chain Barding Armor
29:02 Horse Collar
29:42 Forging
31:20 Iron Casting
37:49 Husbandry
Santoryu
5:35 Loom
13:16 Feudal Age
16:34 Double-Bit Axe
24:41 Castle Age
23:04 Gold Mining
23:37 Domestication
23:41 Fishing Lines
26:09 Medium Warships
26:16 Bow Saw
27:50 Wheelbarrow
31:41 Hand Cart
37:03 Imperial Age
35:24 Forging
35:19 Scale Barding Armor
35:45 Pastoralism
37:07 Iron Casting
36:55 Stone Mining
38:12 Heavy Warships
38:14 Conscription
38:07 Careening
38:16 Clinker Construction
blurr
3:48 Loom
5:08 Loom
13:25 Feudal Age
13:57 Town Watch
18:33 Castle Age
17:05 Double-Bit Axe
18:12 Gold Mining
19:31 Bow Saw
24:53 Fletching
25:03 Padded Archer Armor
25:05 Elite Skirmisher
26:00 Bodkin Arrow
26:41 Leather Archer Armor
28:41 Ballistics
33:29 Horse Collar
34:11 Stone Mining
34:57 Gold Shaft Mining
38:56 Imperial Age
yyx
8:31 Loom
15:35 Feudal Age
16:31 Town Watch
16:33 Double-Bit Axe
16:38 Gold Mining
19:12 Castle Age
18:26 Forging
18:44 Bloodlines
19:21 Scale Barding Armor
19:59 Husbandry
24:28 Chain Barding Armor
25:37 Bow Saw
33:48 Wheelbarrow
33:02 Horse Collar
33:57 Gold Shaft Mining
39:19 Imperial Age
38:28 Fletching
39:25 Yasama
39:22 Bodkin Arrow
Allen
5:05 Loom
14:05 Feudal Age
18:01 Castle Age
15:50 Double-Bit Axe
16:18 Horse Collar
18:54 Bow Saw
18:33 Demolition Ship
20:41 Wheelbarrow
21:03 Heavy Plow
22:25 Szlachta Privileges
22:50 Scale Barding Armor
24:24 Bloodlines
26:39 Chain Barding Armor
26:33 Husbandry
27:34 Forging
30:02 Iron Casting
36:56 Gold Mining
yaximi
12:47 Feudal Age
16:26 Castle Age
17:46 Medium Warships
22:23 Loom
25:30 Demolition Ship
27:11 Wheelbarrow
28:25 Gold Mining
38:08 Imperial Age
35:53 Double-Bit Axe
38:29 Fletching
39:20 Heavy Warships
39:19 Bodkin Arrow
39:26 Padded Archer Armor
Connection lost

Rejoining the realm…

Still unreachable

The connection could not be restored.

Session expired

The server has moved on; the page needs a fresh start.